 Dungeon Crawl Stone Soup version 0.30.1-11-g7821555f0a (webtiles) character file.

Game seed: 13884298692494238943

1467 jtron the Cleaver (level 8, -11/84 HPs)
             Began as an Ogre Berserker on Nov 27, 2023.
             Was a Priest of Trog.
             Mangled by Joseph
             ... wielding a +0 quarterstaff
              (15 damage)
             ... on level 7 of the Dungeon.
             The game lasted 00:10:39 (4487 turns).

jtron the Cleaver (Ogre Berserker)                  Turns: 4487, Time: 00:10:39

Health: -11/84     AC:  4    Str: 24    XL:     8   Next: 77%
Magic:  8/8        EV: 10    Int:  8    God:    Trog [***...]
Gold:   180        SH:  0    Dex:  8    Spells: 7/7 levels left

rFire   + . .        a - +1 war axe
rCold   + + .        (no shield)
rNeg    + . .        b - +1 animal skin
rPois   +            (helmet restricted)
rElec   +            t - scarf {rC+ rF+}
rCorr   .            (gloves unavailable)
SInv    .            (boots unavailable)
Will    .....        (no amulet)
Stlth   +            f - ring of protection from cold
HPRegen 0.34/turn    u - ring of Nodior {Contam rElec rPois rN+}
MPRegen 0.11/turn

%: no passive effects
@: on berserk cooldown, slowed, very slow
A: large, unfitting armour, tough skin 1
a: Renounce Religion, Berserk, Trog's Hand


You were on level 7 of the Dungeon.
You worshipped Trog.
Trog was most pleased with you.
You visited 1 branch of the dungeon, and saw 7 of its levels.

You collected 275 gold pieces.
You spent 95 gold pieces at shops.

Inventory:

Hand Weapons
 a - a +1 war axe (weapon)
 k - a +0 hand axe
Missiles
 l - 48 stones (quivered)
Armour
 b - a +1 animal skin (worn)
 c - a +0 cloak
 o - a +0 tower shield
 t - a scarf of resistance (worn)
Jewellery
 f - a ring of protection from cold (left hand)
 u - the ring of Nodior (right hand) {Contam rElec rPois rN+}
   (You bought it in a shop on level 4 of the Dungeon)

   [ring of positive energy]

   rElec:     It insulates you from electricity.
   rPois:     It protects you from poison.
   rN:        It protects you from negative energy.
   Contam:    It causes magical contamination when unequipped.
Scrolls
 g - 3 scrolls of vulnerability
 i - 4 scrolls of teleportation
 n - a scroll of enchant weapon
 q - 2 scrolls of identify
 r - a scroll of magic mapping
 v - a scroll of poison {unknown}
Potions
 d - a potion of heal wounds {unknown}
 e - 2 potions of degeneration
 h - a potion of flight
 j - a potion of berserk rage
 m - 2 potions of magic {unknown}
 p - 3 potions of might {unknown}
 s - a potion of curing


   Skills:
 + Level 6.7 Fighting
 + Level 9.4 Axes
 - Level 2.0 Throwing
 - Level 4.0 Dodging


You had 7 spell levels left.
You didn't know any spells.
Your spell library was empty.

Dungeon Overview and Level Annotations

Branches:
Dungeon (6/15)             Temple (0/1) D:4

Altars:
Elyvilon
Kikubaaqudgha
Zin

Shops:
D:2 ?   D:4 [*

Annotations:
D:7 Joseph


Innate Abilities, Weirdness & Mutations

You are too large for most types of armour.
You have tough skin. (AC +1)


Message History

Joseph, a Mercenary comes into view.
He is wielding a +0 quarterstaff.
Joseph shouts!
Joseph says, "I've waited for this moment for such a long time."
Joseph unwields a +0 quarterstaff.
Joseph wields a +0 sling.
Joseph shoots a sling bullet.
The sling bullet barely misses you.
Joseph shoots a sling bullet.
The sling bullet hits you!!
Joseph shoots a sling bullet.
The sling bullet closely misses you.
A red film seems to cover your vision as you go berserk!
You feel yourself moving faster!
You feel mighty!
Joseph shoots a sling bullet.
The sling bullet hits you!
You feel a strong urge to attack something.
Joseph shoots a sling bullet.
The sling bullet hits you!
Joseph shoots a sling bullet.
The sling bullet hits you!
You feel your anger nearly subside.
You closely miss Joseph.
Joseph unwields a +0 sling.
Joseph wields a +0 quarterstaff.
Joseph hits you with a +0 quarterstaff!
You slash Joseph!
Joseph is lightly wounded.
Joseph closely misses you.
You slash Joseph!
Joseph is moderately wounded.
You slice Joseph!!
Joseph is heavily wounded.
You are no longer berserk.
You are exhausted.
You feel yourself slow down. Joseph hits you with a +0 quarterstaff.
You closely miss Joseph.
Joseph is heavily wounded.
Joseph hits you with a +0 quarterstaff!
* * * LOW HITPOINT WARNING * * *
Joseph hits you with a +0 quarterstaff!
* * * LOW HITPOINT WARNING * * *
You slash Joseph!
Joseph is severely wounded.
Joseph hits you with a +0 quarterstaff.
* * * LOW HITPOINT WARNING * * *
You closely miss Joseph.
Joseph is severely wounded.
Joseph hits you with a +0 quarterstaff!
You die...

##..# #..## ..# .#
##..# ..##..# #...###
...#..#
.###.....######.....#
.....................#
##...................#
####................#
#..........@@....#
##......#####.....#
#.....## ....# #......
.... ##...... ...
#.###### .. #. . .. ..


You could see Joseph.

Vanquished Creatures
  Pikel (D:5)
  Eustachio (D:5)
  Duvessa (D:5)
  2 ogres
  A black bear (D:5)
  A lemure (D:5)
  Dowan (D:5)
  2 jellies (D:4)
  A hound (D:5)
  2 orc priests (D:4)
  An iguana (D:5)
  Terence (D:2)
  An orc wizard (D:2)
  8 gnolls
  7 adders
  A white imp (D:5)
  An ufetubus (D:5)
  4 worms
  3 dart slugs (D:2)
  13 orcs
  5 ball pythons
  6 endoplasms
  5 giant cockroaches
  8 goblins
  5 hobgoblins
  7 jackals
  6 quokkas
  3 bats
  5 frilled lizards
  7 kobolds
  8 rats
118 creatures vanquished.

Notes
Turn   | Place    | Note
-------+----------+-------------------------------------------
     0 | D:1      | jtron the Ogre Berserker began the quest for the Orb.
     0 | D:1      | Reached XP level 1. HP: 24/24 MP: 1/1
   210 | D:1      | Reached XP level 2. HP: 32/32 MP: 2/2
   917 | D:2      | Reached XP level 3. HP: 40/40 MP: 3/3
   936 | D:2      | Found Oskos's Magic Scroll Emporium.
   996 | D:2      | Reached ** piety under Trog
  1039 | D:2      | Noticed Terence
  1048 | D:2      | Killed Terence
  1049 | D:2      | Reached skill level 4 in Axes
  1049 | D:2      | Reached XP level 4. HP: 27/49 MP: 4/4
  1480 | D:2      | Reached XP level 5. HP: 40/55 MP: 5/5
  1851 | D:3      | Reached skill level 5 in Axes
  1965 | D:3      | Found a glowing silver altar of Zin.
  2070 | D:3      | Found a white marble altar of Elyvilon.
  2109 | D:3      | Reached skill level 5 in Fighting
  2431 | D:4      | Reached XP level 6. HP: 66/66 MP: 6/6
  2504 | D:4      | Reached *** piety under Trog
  2540 | D:4      | Reached skill level 6 in Axes
  2820 | D:4      | Found Bel Osoc's Armour Shoppe.
  2840 | D:4      | Found a staircase to the Ecumenical Temple.
  2979 | D:4      | Found Poiphepn's Assorted Antiques.
  2997 | D:4      | Bought a smoking turquoise ring for 95 gold pieces
  2997 | D:4      | Identified the ring of Nodior {Contam rElec rPois rN+} (You
                  | bought it in a shop on level 4 of the Dungeon)
  3213 | D:4      | Reached XP level 7. HP: 68/72 MP: 7/7
  3325 | D:5      | Entered Level 5 of the Dungeon
  3357 | D:5      | Noticed Eustachio
  3367 | D:5      | Killed Eustachio
  3368 | D:5      | Reached skill level 7 in Axes
  3442 | D:5      | Noticed Dowan
  3442 | D:5      | Noticed Duvessa
  3451 | D:5      | Killed Dowan
  3454 | D:5      | Killed Duvessa
  3599 | D:5      | Found an ancient bone altar of Kikubaaqudgha.
  3651 | D:5      | Reached skill level 8 in Axes
  3651 | D:5      | Reached XP level 8. HP: 83/83 MP: 8/8
  4004 | D:5      | Noticed Pikel
  4010 | D:5      | Killed Pikel
  4011 | D:5      | Reached skill level 9 in Axes
  4462 | D:6      | You fall into a shaft and drop 1 floor!
  4472 | D:7      | Noticed Joseph
  4486 | D:7      | HP: 4/84 [Joseph/+0 quarterstaff (6)]
  4487 | D:7      | Mangled by Joseph

Illustrated notes

Levels and vault maps discovered:
D:1:      roderic_dead_forest, layout_basic, minivault_26, chequers_avenue
D:2:      layout_rooms, serial_shops, nicolae_shop_statue_plus, uniq_terence
D:3:      layout_basic, lemuel_round_altar, mainiacjoe_overflow_alcove_2
D:4:      layout_rooms, minmay_temple_entry_ruins, serial_shops, shop,
          shop_fountains, minmay_three_crescents
D:5:      layout_gridville, kiku_gazebo_garden_becter, uniq_duvessa,
          uniq_eustachio, uniq_pikel
D:6:      layout_loops_cross, minmay_misc_feat_room
D:7:      layout_layer_cave, chequers_temple_overflow_statue_of_worship,
          enter_bailey_6, uniq_crazy_yiuf_cottage, uniq_joseph

Skill      XL: |  1  2  3  4  5  6  7  8 |
---------------+-------------------------+-----
Dodging        | 3 4 |  4.0
Axes           | 4 5 6 8 9 |  9.4
Fighting       | 5 6 |  6.7
Throwing       | 2 |  2.0

Action                     |  1- 3 |  4- 6 |  7- 9 || total
---------------------------+-------+-------+-------++-------
  Melee: Hand axe          |    29 |       |       ||    29
         War axe           |    42 |   173 |    89 ||   304
         Punch             |       |     2 |     1 ||     3
  Throw: Stone             |     2 |     3 |     5 ||    10
         Throwing net      |       |       |     1 ||     1
 Invoke: Berserk           |     1 |     4 |     5 ||    10
    Use: Scroll            |     5 |     3 |     1 ||     9
         Potion            |       |     6 |       ||     6
 Armour: Animal skin       |    19 |    53 |    17 ||    89
         Skin              |       |    10 |       ||    10
  Dodge: Dodged            |    39 |   101 |    52 ||   192
